 Dungeon Crawl Stone Soup version 0.17.1-3-g152610e (webtiles) character file.

655 Jerry the Sneak (level 7, -6/48 HPs)
             Began as an Octopode Monk on Mar 8, 2016.
             Mangled by a hill giant
             ... wielding a cursed -1 giant spiked club
              (25 damage)
             ... on level 6 of the Dungeon.
             The game lasted 00:15:28 (5609 turns).

Jerry the Sneak (Octopode Monk)                     Turns: 5609, Time: 00:15:28

Health: -6/48      AC:  1    Str: 10    XL:     7   Next: 54%
Magic:  7/7        EV: 21    Int: 12    God:
Gold:   209        SH:  0    Dex: 22    Spells: 0 memorised, 6 levels left

rFire  . . .     SeeInvis .       - Unarmed
rCold  . . .     Clarity  .     (no shield)
rNeg   . . .     SustAt   .     (helmet restricted)
rPois  .         Gourm    .     (no amulet)
rElec  .         Spirit   .     (no ring)
rCorr  .         Warding  .     (no ring)
rMut   .         Stasis   .     (no ring)
MR     .....                    (no ring)
Stlth  ++++++....               (no ring)
                                (no ring)
                                (no ring)
                                (no ring)

@: agile, not resistant to hostile enchantments, very stealthy
A: almost no armour, amphibious, 8 rings, constrict 8, camouflage 1, gelatinous
body 1
a: no special abilities


You were on level 6 of the Dungeon.
You were not hungry.

You visited 1 branch of the dungeon, and saw 6 of its levels.

You collected 209 gold pieces.

Inventory:

Missiles
 w - 76 stones (quivered)
Wands
 t - a wand of magic darts (38)
Scrolls
 b - 2 scrolls of recharging {unknown}
 e - 2 scrolls of enchant armour {unknown}
 h - 4 scrolls of remove curse {unknown}
 i - 2 scrolls of amnesia {unknown}
 j - 3 scrolls of identify
 k - a scroll of enchant weapon {unknown}
 l - 2 scrolls of teleportation {unknown}
 o - 2 scrolls of blinking {unknown}
 p - 3 scrolls of magic mapping {unknown}
 q - a scroll of noise {unknown}
 r - a scroll of fog {unknown}
 v - a scroll of immolation {unknown}
Potions
 c - a potion of agility
 d - 2 potions of curing
 g - a potion of flight {unknown}
 m - a potion of heal wounds {unknown}
 n - a potion of poison {unknown}
 s - a potion of brilliance {unknown}
Comestibles
 a - 4 bread rations
 f - 2 beef jerkies
 u - a slice of pizza
 x - 2 chunks of flesh


   Skills:
 - Level 4.2 Fighting
 + Level 5.1 Dodging
 + Level 6.6 Stealth
 + Level 5.8 Unarmed Combat


You had 6 spell levels left.
You didn't know any spells.

Dungeon Overview and Level Annotations

Branches:
Dungeon (6/15)
 Temple: D:4-7

Altars:
Nemelex Xobeh

Shops:
D:4 [

Annotations:
D:4 Eustachio


Innate Abilities, Weirdness & Mutations

You cannot wear most types of armour.
You are amphibious.
You can wear up to eight rings at the same time.
You can use your tentacles to constrict eight enemies at once.
Your skin changes colour to match your surroundings (Stealth).
Your rubbery body absorbs attacks (AC +1).


Message History

You squeeze the hill giant, but do no damage.
The hill giant is lightly wounded.
The hill giant completely misses you.
You tentacle-slap the hill giant but do no damage.
You squeeze the hill giant!
The hill giant is lightly wounded.
You tentacle-slap the hill giant but do no damage.
You squeeze the hill giant!
The hill giant is moderately wounded.
The hill giant hits you with a giant spiked club!!
You tentacle-slap the hill giant. You squeeze the hill giant!
The hill giant is heavily wounded.
The hill giant misses you.
You tentacle-slap the hill giant.
The hill giant is heavily wounded.
You tentacle-slap the hill giant.
The hill giant is severely wounded.
The hill giant hits you with a giant spiked club!!
Ouch! That really hurt!
You die...

..# #### ..###
....####
#......#
#.###..# ≈.#
#### ####
≈.##########
#..##
......#..#..#
##...#
..#..÷..#
#.###@####
..##...##
#.#.C# ..####.#
#..### #####..#
#....# #
##...## ##.#..#
##...#..#
##.##...#
....##..####..#
####
...####..##..##
...####......#


You could see a hill giant.

Vanquished Creatures
  3 ogres
  A scorpion (D:5)
  A hound (D:4)
  An iguana (D:6)
  2 orc priests
  A jelly (D:6)
  A worker ant (D:6)
  6 adders
  An ooze (D:3)
  2 adder skeletons
  5 worms
  12 orcs
  3 ball pythons
  6 bats
  7 giant cockroaches
  4 goblins
  6 hobgoblins
  7 jackals
  2 quokkas (D:4)
  8 giant geckos
  3 giant gecko skeletons
  7 giant newts
  A jackal skeleton (D:4)
  7 kobolds
  8 rats
105 creatures vanquished.

Notes
Turn   | Place    | Note
--------------------------------------------------------------
     0 | D:1      | Jerry the Octopode Monk began the quest for the Orb.
     0 | D:1      | Reached XP level 1. HP: 16/16 MP: 1/1
    98 | D:1      | Found a sparkling altar of Nemelex Xobeh.
   282 | D:1      | Reached XP level 2. HP: 15/21 MP: 2/2
  1147 | D:2      | Reached XP level 3. HP: 26/26 MP: 3/3
  1614 | D:2      | Reached XP level 4. HP: 25/31 MP: 4/4
  2265 | D:3      | Reached XP level 5. HP: 20/36 MP: 5/5
  2489 | D:3      | Reached skill level 5 in Stealth
  2991 | D:4      | Noticed Eustachio
  3001 | D:4      | Found Zaptepan's Antique Armour Shop.
  3325 | D:4      | Reached XP level 6. HP: 33/43 MP: 6/6
  3415 | D:4      | Noticed an ogre
  3422 | D:4      | Killed an ogre
  3422 | D:4      | Reached skill level 5 in Unarmed Combat
  3804 | D:4      | Noticed an ogre
  3812 | D:4      | Killed an ogre
  4221 | D:5      | Entered Level 5 of the Dungeon
  4606 | D:5      | Reached skill level 6 in Stealth
  4606 | D:5      | Reached XP level 7. HP: 36/48 MP: 7/7
  5242 | D:6      | Noticed a hill giant
  5433 | D:6      | Reached skill level 5 in Dodging
  5609 | D:6      | Mangled by a hill giant

Action                   |  1- 3 |  4- 6 |  7- 9 || total
-------------------------+-------+-------+-------++-------
Melee: Unarmed           |    71 |   144 |    40 ||   255
  Use: Potion            |       |     2 |     1 ||     3
       Scroll            |       |       |     1 ||     1
 Stab: Sleeping          |    11 |    19 |     6 ||    36
       Distracted        |       |     1 |       ||     1
  Eat: Chunk             |     1 |     9 |     3 ||    13
       Beef jerky        |       |     1 |       ||     1
